 Dungeon Crawl Stone Soup version 0.17-a0-491-gbd49765 (webtiles) character file.

117 rndguy the Conjurer (level 4, 0/24 HPs)
             Began as a Deep Elf Conjurer on Apr 10, 2015.
             Was an Initiate of Fedhas.
             Slain by a gnoll
             ... wielding a +0 flail
              (7 damage)
             ... on level 2 of the Dungeon.
             The game lasted 00:11:59 (1529 turns).

rndguy the Conjurer (Deep Elf Conjurer)             Turns: 1529, Time: 00:11:59

Health: 0/24       AC:  3    Str:  5    XL:     4   Next: 71%
Magic:  10/12      EV:  8    Int: 21    God:    Fedhas [......]
Gold:   31         SH:  0    Dex: 15    Spells: 1 memorised, 10 levels left

rFire  . . .     SeeInvis .     (no weapon)
rCold  . . .     Clarity  .     a - +0 robe
rNeg   . . .     SustAb   .     (no shield)
rPois  +         Gourm    .     (no helmet)
rElec  .         Spirit   .     (no cloak)
rCorr  .         Warding  .     e - +0 pair of gloves
rMut   .         Stasis   .     (no boots)
MR     +....                    (no amulet)
Stlth  ++........               (no ring)
                                d - ring of protection from magic

@: somewhat resistant to hostile enchantments, unstealthy
A: poison resistance
a: Renounce Religion


You were on level 2 of the Dungeon.
You worshipped Fedhas.
Fedhas was noncommittal.
You were not hungry.

You visited 1 branch of the dungeon, and saw 2 of its levels.

You collected 31 gold pieces.

Inventory:

Armour
 a - a +0 robe (worn)
 e - a +0 pair of gloves (worn)
Jewellery
 d - a ring of protection from magic (left hand)
Magical devices
 i - a wand of digging (14)
Scrolls
 h - a scroll of recharging
Books
 c - a book of Conjurations

   Spells                             Type                      Level
   a - Magic Dart                     Conjuration                  1
   b - Searing Ray                    Conjuration                  2
   c - Dazzling Spray                 Conjuration/Hexes            3
   d - Fulminant Prism                Conjuration/Hexes            4
   e - Iskenderun's Mystic Blast      Conjuration                  4
   f - Iskenderun's Battlesphere      Conjuration/Charms           5
Comestibles
 b - a bread ration
 f - 12 fruits
 g - a beef jerky


   Skills:
 + Level 0.1 Fighting
 + Level 3.4 Dodging
 + Level 3.0 Stealth
 + Level 4.0 Spellcasting
 + Level 5.5 Conjurations


You had 10 spell levels left.
You knew the following spells:

 Your Spells              Type           Power        Failure   Level  Hunger
a - Magic Dart            Conj           ####         1%          1    None


Dungeon Overview and Level Annotations

Branches:
Dungeon (2/15)

Altars:
Fedhas
Makhleb


Innate Abilities, Weirdness & Mutations

Your system is resistant to poisons.


Message History

Confirm with . or Enter, or press ? or * to list all spells.
Aiming: Magic Dart
Press: ? - help, Shift-Dir - straight line, f - gnoll
Aim: a gnoll, wielding a flail The magic dart hits the gnoll.
The gnoll is moderately wounded.
The gnoll closely misses you.
Casting: Magic Dart
Confirm with . or Enter, or press ? or * to list all spells.
Aiming: Magic Dart
Press: ? - help, Shift-Dir - straight line, f/p - gnoll
Aim: a gnoll, wielding a flail (moderately wounded)
The magic dart hits the gnoll.
The gnoll is heavily wounded.
The bat hits you but does no damage. The gnoll hits you with a flail.
The gnoll misses you. The gnoll hits you with a spear.
* * * LOW HITPOINT WARNING * * *
The gnoll hits you with a flail!
You die...
Fedhas appreciates your contribution to the ecosystem.

..........# ....#
..........##############.. ...
.......#.................. .b<
......###..).............. #.#
#..#### ##..........##... #.#
##.#######.............######)#
..†.........................#.##
###............b.g.............#
♣♣♣♣♣♣♣♣#.....@g...÷......#..#
♣♣♣♣♣ #....g............#..#
♣...♣♣ #...................##
.....♣♣ #.................#.#
......♣♣ #....###..........#.#
.._....♣ #........###.###.##.#
.......♣♣ #######..# #.# #.##.#
........♣ ..####..###.###..#.###
......♣.♣ #.#..........##.......


You could see 3 gnolls and a bat.

Vanquished Creatures
  Ijyb (D:2)
  A gnoll (D:2)
  4 adders (D:2)
  An ooze (D:2)
  2 giant cockroaches
  13 goblins
  6 hobgoblins
  2 jackals (D:1)
  2 ball pythons (D:2)
  4 bats
  2 giant newts (D:1)
  A quokka (D:2)
  3 rats
42 creatures vanquished.

Vanquished Creatures (others)
  5 toadstools (D:2)
5 creatures vanquished.

Grand Total: 47 creatures vanquished

Notes
Turn   | Place    | Note
--------------------------------------------------------------
     0 | D:1      | rndguy, the Deep Elf Conjurer, began the quest for the Orb.
     0 | D:1      | Reached XP level 1. HP: 10/10 MP: 6/6
   503 | D:1      | Reached XP level 2. HP: 15/15 MP: 4/8
   779 | D:1      | Reached skill level 5 in Conjurations
   867 | D:2      | Found a blossoming altar of Fedhas.
   879 | D:2      | Became a worshipper of Fedhas Madash
   928 | D:2      | Reached XP level 3. HP: 19/19 MP: 2/9
   960 | D:2      | Found a burning altar of Makhleb.
  1011 | D:2      | Gained mutation: Your system is resistant to poisons. [potion of beneficial mutation]
  1118 | D:2      | Noticed Ijyb
  1157 | D:2      | Killed Ijyb
  1157 | D:2      | Reached XP level 4. HP: 18/24 MP: 0/12
  1529 | D:2      | Slain by a gnoll

Action                   |  1- 3 |  4- 6 || total
-------------------------+-------+-------++-------
Melee: Unarmed           |     9 |     2 ||    11
 Cast: Magic Dart        |    74 |    18 ||    92
  Use: Scroll            |     3 |       ||     3
       Potion            |     3 |       ||     3
  Eat: Bread ration      |       |     1 ||     1
